 Dungeon Crawl Stone Soup version 0.24.1 (webtiles) character file.

Game seed: 14188475186928544653, levelgen mode: deterministic

276 Fukker the Ruffian (level 6, -1/44 HPs)
             Began as a Demonspawn Gladiator on Mar 28, 2020.
             Killed by divine providence
             ... invoked by an orc priest
              (14 damage)
             ... on level 4 of the Dungeon on Mar 29, 2020.
             The game lasted 00:05:38 (3034 turns).

Fukker the Ruffian (Demonspawn Gladiator)           Turns: 3034, Time: 00:05:39

Health: -1/44      AC:  4    Str: 16    XL:     6   Next: 4%
Magic:  6/6        EV: 15    Int:  9    God:
Gold:   201        SH:  0    Dex: 15    Spells: 5/5 levels left

rFire    . . .     SeeInvis .   a - +0 quarterstaff
rCold    . . .     Gourm    .   (shield currently unavailable)
rNeg     . . .     Faith    .   b - +0 leather armour
rPois    .         Spirit   .   (helmet restricted)
rElec    .         Reflect  .   (no cloak)
rCorr    .         Harm     .   (no gloves)
MR       .....                  u - +0 pair of boots (curse)
Stlth    +.........             (no amulet)
HPRegen  0.14/turn              m - ring of flight
MPRegen  0.10/turn              q - +2 ring of evasion

@: no status effects
A: hooves 2, horns 1
a: Evoke Flight


You were on level 4 of the Dungeon.
You were not hungry.

You visited 1 branch of the dungeon, and saw 4 of its levels.

You collected 201 gold pieces.

Inventory:

Hand Weapons
 a - a +0 quarterstaff (weapon)
Missiles
 d - 3 throwing nets (quivered)
 h - 153 stones
 i - 31 bolts
 o - 30 poisoned darts
 s - 35 sling bullets
 B - 14 arrows
Armour
 b - a +0 leather armour (worn)
 c - a +0 helmet
 u - a cursed +0 pair of boots (worn)
Jewellery
 m - a ring of flight (left hand)
 q - a +2 ring of evasion (right hand)
 v - an uncursed ring of resist corrosion
Wands
 x - a wand of disintegration (15)
Scrolls
 e - a scroll of enchant weapon {unknown}
 g - 3 scrolls of teleportation {unknown}
 j - 2 scrolls of magic mapping {unknown}
 n - a scroll of enchant armour {unknown}
 p - 2 scrolls of identify {unknown}
 t - a scroll of fog {unknown}
 y - a scroll of immolation {unknown}
 C - a scroll of amnesia {unknown}
Potions
 k - 3 potions of flight
 l - a potion of might
 r - 2 potions of curing {unknown}
 w - a potion of lignification {unknown}
 z - a potion of haste {unknown}
 A - 2 potions of degeneration {unknown}
Comestibles
 f - 6 rations


   Skills:
 - Level 2.0 Fighting
 - Level 3.7 Staves
 - Level 1.7 Throwing
 - Level 0.5 Armour
 - Level 2.6 Dodging
 * Level 4.6 Unarmed Combat
 + Level 0.3 Evocations


You had 5 spell levels left.
You didn't know any spells.
Your spell library was empty.

Dungeon Overview and Level Annotations

Branches:
Dungeon (4/15)
 Temple: D:4-7

Altars:
Elyvilon


Innate Abilities, Weirdness & Mutations

You have hoof-like feet.
You have a pair of small horns on your head.


Message History

The hound barely misses you.
You sock the hound!
You kill the hound!
You have reached level 6!
Your experience leads to an increase in your attributes!
Increase (S)trength, (I)ntelligence, or (D)exterity?
You feel agile.
An orc and an orc priest come into view.
You closely miss the orc.
The orc priest shouts!
The orc hits you but does no damage.
A hound skeleton comes into view.
The orc shouts!
You hear a howl!
The orc priest looks encouraged for a moment.
The orc priest mumbles some strange prayers to Beogh against you.
Beogh smites you!
* * * LOW HITPOINT WARNING * * *
The orc priest calls down the wrath of Beogh upon you.
Beogh smites you!
You die...

#...........####....# #
#...........#######.#
#...........##..(...#
####........##......+
#........##......#
#######.###......######+
#.# #............. #.#
#.............
#######'###@o....oo...Z.
........................
...........###..........
...........# #..........
#######.#### #..........
#...)..# ###########
#......# #......#
#......#


You could see an orc priest and 2 orcs.

Vanquished Creatures
  An ogre (D:4)
  A hound (D:4)
  A bullfrog skeleton (D:4)
  3 adders
  4 gnolls
  An ooze (D:1)
  A worm (D:2)
  A dart slug (D:2)
  A leopard gecko (D:1)
  An orc (D:4)
  A ball python (D:1)
  3 giant cockroaches
  5 goblins (D:1)
  7 hobgoblins
  2 jackals (D:1)
  4 bats
  2 frilled lizards
  11 kobolds
  14 rats
64 creatures vanquished.

Notes
Turn   | Place    | Note
-------+----------+-------------------------------------------
     0 | D:1      | Fukker the Demonspawn Gladiator began the quest for the
                  | Orb.
     0 | D:1      | Reached XP level 1. HP: 16/16 MP: 1/1
   272 | D:1      | Gained mutation: You have large cloven feet. [demonic
                  | ancestry]
   272 | D:1      | Reached XP level 2. HP: 22/22 MP: 2/2
   557 | D:1      | Gained mutation: You have hoof-like feet. [demonic
                  | ancestry]
   557 | D:1      | Reached XP level 3. HP: 26/27 MP: 3/3
   749 | D:1      | Reached skill level 1 in Unarmed Combat
  1903 | D:3      | Reached skill level 2 in Unarmed Combat
  1903 | D:3      | Gained mutation: You have a pair of small horns on your
                  | head. [demonic ancestry]
  1903 | D:3      | Reached XP level 4. HP: 16/33 MP: 4/4
  2583 | D:3      | Found a white marble altar of Elyvilon.
  2665 | D:4      | Reached skill level 3 in Unarmed Combat
  2943 | D:4      | Reached XP level 5. HP: 38/38 MP: 5/5
  2994 | D:4      | Noticed an ogre
  3007 | D:4      | Killed an ogre
  3007 | D:4      | Reached skill level 4 in Unarmed Combat
  3027 | D:4      | Reached XP level 6. HP: 25/44 MP: 6/6
  3034 | D:4      | Killed from afar by an orc priest

Levels and vault maps discovered:
D:1:      scummos_arrival_star, layout_loops_ring, serial_bayou_pond_c,
          minmay_tall_x
D:2:      layout_rooms, minivault_4, lemuel_old_faithful
D:3:      layout_basic, lemuel_round_altar, minmay_fountain_box,
          minmay_diced_spiral
D:4:      layout_basic, first_ration, uniq_robin

Skill      XL: |  1  2  3  4  5 |
---------------+----------------+-----
Staves         | 3 |  3.7
Unarmed Combat | 2 3 4 |  4.6
Fighting       | |  2.0
Throwing       | |  1.7
Armour         | |  0.5
Dodging        | |  2.6
Evocations     | |  0.3

Action                   |  1- 3 |  4- 6 || total
-------------------------+-------+-------++-------
Melee: Quarterstaff      |   128 |    54 ||   182
       Kick              |    14 |       ||    14
       Headbutt          |       |     7 ||     7
Throw: Throwing net      |       |     1 ||     1
  Use: Potion            |       |     2 ||     2
 Stab: Sleeping          |       |     1 ||     1
       Held in net/web   |       |     1 ||     1
  Eat: Chunk             |     1 |     2 ||     3
       Ration            |       |     1 ||     1
Armor: Leather armour    |    33 |     8 ||    41
Dodge: Dodged            |    95 |    45 ||   140
